Map: King's Cove LE

Players

Cham

  • Race: Zerg Zerg
  • League: Master
  • Spawn Location: 5:00

Lambo - Winner!

  • Race: Zerg Zerg
  • League: Master
  • Spawn Location: 11:00

VOD

Have the link to the VOD?

Description

Time

  • Played on: Jan. 27, 2019, 8:57 a.m.
  • Length: 7:20
Show
View Real Time Build Order
Export as new Build Order

Cham Zerg 

Build Orders: Hatch First 

Get SALT Encoding   

  12  0:01  Drone  
  13  0:10  Drone  
  14  0:18  Overlord  
  14  0:36  Drone  
  14  0:37  Drone x2  
  17  0:54  Hatchery  
  16  0:58  Drone  
  16  1:01  Drone  
  16  1:03  Extractor  
  17  1:16  Spawning Pool  
  16  1:20  Drone  
  16  1:24  Drone  
  18  1:30  Drone  
  19  1:51  Overlord  
  19  1:54  Drone  
  20  2:03  Queen  
  20  2:04  Metabolic Boost  
  20  2:06  Queen  
  24  2:09  Zergling x2  
  24  2:12  Zergling x2  
  26  2:15  Drone  
  26  2:18  Drone  
  28  2:24  Drone  
  28  2:28  Drone  
  30  2:36  Drone  
  31  2:44  Hatchery  
  31  2:47  Drone  
  31  2:53  Queen  
  31  2:58  Drone x2  
  34  3:03  Overlord  
  35  3:06  Zergling x2  
  36  3:23  Zergling x14  
  36  3:25  Drone  
  44  3:32  Overlord  
  44  3:40  Overlord  
  44  3:48  Lair  
  44  3:51  Drone x3, Extractor  
  44  3:54  Drone  
  47  3:59  Drone, Baneling Nest  
  47  4:02  Zergling x2  
  48  4:06  Zergling x6  
  48  4:07  Drone  
  52  4:15  Drone x3  
  54  4:21  Overlord  
  53  4:26  Drone  
  53  4:28  Drone x2  
  55  4:34  Drone, Zergling x2  
  55  4:36  Drone  
  58  4:40  Drone x3  
  58  4:41  Drone x2  
  62  4:52  Baneling x3  
  62  4:53  Drone  
  62  4:54  Spire  
  62  4:57  Extractor  
  62  4:58  Extractor  
  60  5:01  Drone x3, Zergling x2  
  60  5:03  Drone  
  60  5:04  Drone  
  66  5:09  Overlord  
  65  5:14  Drone x2  
  65  5:15  Drone  
  62  5:22  Zergling x10  
  62  5:23  Zergling x2  
  62  5:26  Zergling x4  
  62  5:28  Zergling x2  
  69  5:33  Zergling x2  
  69  5:34  Overlord x2, Zergling x2  
  71  5:36  Zergling x2  
  71  5:38  Zergling x2  
  71  5:39  Zergling x2  
  71  5:40  Zergling x2  
  71  5:42  Zergling x2  
  76  5:47  Baneling x2  
  76  5:52  Overlord  
  76  5:59  Drone x4  
  76  6:02  Extractor  
  76  6:03  Overlord  
  76  6:04  Extractor  
  78  6:07  Mutalisk x4  
  78  6:09  Mutalisk  
  87  6:14  Mutalisk  
  87  6:16  Mutalisk  
  91  6:21  Spine Crawler, Mutalisk  
  92  6:29  Zergling x6  
  87  6:44  Mutalisk x2  
  77  6:51  Mutalisk  
  77  6:52  Zergling x6  
  77  6:53  Zergling x6  
  77  7:06  Spine Crawler  
  77  7:07  Spine Crawler  
Show
View Real Time Build Order
Export as new Build Order

Lambo Zerg - Winner!

Build Orders: Hatch First 

Get SALT Encoding   

  12  0:00  Drone  
  13  0:12  Overlord  
  13  0:18  Drone  
  14  0:31  Drone x2  
  16  0:49  Hatchery  
  15  0:52  Drone  
  15  0:56  Drone  
  17  0:59  Drone  
  18  1:10  Extractor  
  17  1:15  Spawning Pool  
  17  1:18  Drone  
  17  1:21  Drone  
  18  1:28  Drone  
  19  1:39  Drone  
  20  1:50  Overlord  
  20  2:01  Queen  
  20  2:02  Queen  
  20  2:03  Drone  
  20  2:04  Drone  
  26  2:11  Drone, Metabolic Boost  
  26  2:14  Drone  
  28  2:21  Drone  
  29  2:23  Drone  
  30  2:40  Hatchery  
  30  2:42  Zergling x4  
  31  2:47  Zergling x2  
  31  2:49  Drone  
  33  2:53  Drone  
  33  2:54  Baneling Nest  
  33  2:57  Overlord  
  33  3:07  Drone x2  
  33  3:12  Drone  
  36  3:16  Drone x2  
  36  3:19  Drone x2  
  40  3:21  Drone  
  40  3:26  Zergling x4  
  43  3:31  Overlord  
  43  3:35  Zergling x2  
  43  3:36  Evolution Chamber  
  43  3:48  Drone, Queen  
  44  3:50  Drone x6  
  44  3:53  Overlord  
  52  3:55  Drone  
  52  4:00  Drone  
  52  4:01  Extractor x2, Zergling x2  
  53  4:06  Zergling x4  
  55  4:11  Zergling x2  
  55  4:14  Zergling x2  
  54  4:18  Zergling x10  
  54  4:22  Zerg Missile Weapons Level 1  
  59  4:29  Lair  
  59  4:30  Queen  
  58  4:31  Zergling x2  
  58  4:32  Zergling x2  
  58  4:43  Roach Warren  
  57  4:52  Baneling x4  
  57  4:54  Drone x3  
  60  5:14  Hatchery  
  60  5:21  Queen  
  56  5:27  Queen  
  60  5:28  Roach  
  60  5:29  Overlord, Nydus Network  
  60  5:32  Overlord, Overseer  
  60  5:34  Overseer  
  60  5:35  Overlord  
  58  5:36  Roach  
  60  5:43  Overlord  
  60  5:44  Overlord  
  60  5:47  Roach x4  
  67  5:50  Roach  
  67  5:56  Queen, Roach x2  
  73  6:00  Roach x2  
  79  6:05  Nydus Canal  
  79  6:09  Baneling x2  
  79  6:16  Roach x4  
  87  6:20  Roach x2  
  87  6:25  Spore Crawler  
  90  6:27  Spore Crawler  
  89  6:33  Spore Crawler  
  84  6:43  Roach x3  
  84  6:46  Roach x2  
  84  6:47  Roach  
  82  6:51  Roach x2  
  84  7:00  Roach x2  
  88  7:02  Spore Crawler  
  88  7:14  Nydus Canal  
Tags
 
Add a new tag
Caveats
  • Supply blocks, unpowered buildings, or Contaminate may cause inaccurate times.
  • Supply counts are checked every 10 seconds.